 Dungeon Crawl Stone Soup version 0.31.0-11-ge490571c62 (webtiles) character file.

Game seed: 18132383994277985024

4 RustandSilver the Ducker (level 1, -1/12 HPs)
             Began as a Felid Berserker on Jan 27, 2024.
             Was a Follower of Trog.
             Frozen to death by an endoplasm (3 damage)
             ... on level 1 of the Dungeon.
             The game lasted 00:01:48 (957 turns).

RustandSilver the Ducker (Felid Berserker)           Turns: 957, Time: 00:01:49

Health: -1/12      AC:  1    Str: 13    XL:     1   Next: 50%
Magic:  2/2        EV: 18    Int: 10    God:    Trog [*.....]
Gold:   13         SH:  0    Dex: 15    Spells: 0/0 levels left
                                        Lives:  0   Deaths: 1

rFire   . .          .
                       - Unarmed
rCold   . . .        (shield unavailable)
rNeg    . . .        (body armour unavailable)
rPois   .            (helmet unavailable)
rElec   .            (cloak unavailable)
rCorr   .            (gloves unavailable)
SInv    +            (boots unavailable)
Will    .....        (no amulet)
Stlth   +            (no ring)
HPRegen 0.22/turn    (no ring)
MPRegen 0.08/turn

%: no passive effects
@: no status effects
A: very small, claws 1, fangs 3, see invisible, shaggy fur 1, stealthy paws, no
weapons or thrown items, no armour, multi-lived
a: Renounce Religion, Berserk


You were on level 1 of the Dungeon.
You worshipped Trog.
Trog was aware of your devotion.
You visited 1 branch of the dungeon, and saw 1 of its levels.

You collected 13 gold pieces.

Inventory:

Potions
 a - a potion of brilliance {unknown}


   Skills:
 + Level 3.0 Fighting
 + Level 4.1 Dodging
 + Level 3.1 Unarmed Combat


You couldn't memorise any spells.
You didn't know any spells.
Your spell library was empty.

Dungeon Overview and Level Annotations

Branches:
Dungeon (1/15)

Altars:


Innate Abilities, Weirdness & Mutations

You have sharp claws.
You have razor-sharp teeth.
You have supernaturally acute eyesight. (SInv)
You are covered in fur. (AC +1)
Your paws help you pounce on unaware monsters.
You are incapable of wielding weapons or throwing items.
You cannot wear armour.
You gain extra lives every three experience levels.


Message History

An endoplasm is nearby!
An endoplasm is nearby!
An endoplasm is nearby!
An endoplasm is nearby!
An endoplasm is nearby!
An endoplasm is nearby!
An endoplasm is nearby!
An endoplasm is nearby!
An endoplasm is nearby!
An endoplasm is nearby!
An endoplasm is nearby!
An endoplasm is nearby!
An endoplasm is nearby!
An endoplasm is nearby!
An endoplasm is nearby!
An endoplasm is nearby!
An endoplasm is nearby!
An endoplasm is nearby!
An endoplasm is nearby!
An endoplasm is nearby!
An endoplasm is nearby!
An endoplasm is nearby!
An endoplasm is nearby!
An endoplasm is nearby!
An endoplasm is nearby!
An endoplasm is nearby!
The endoplasm misses you. The endoplasm freezes you.
You are frozen.
Unknown command.
Unknown command.
An endoplasm is nearby!
The endoplasm hits you. The endoplasm freezes you.
You are frozen.
* * * LOW HITPOINT WARNING * * *
The endoplasm misses you. The endoplasm freezes you.
You are frozen.
You die...

.~~~##
##.#.#....~~~≈≈≈≈≈≈≈~~~..
.PP~~#
#.#.#.....~~≈≈≈≈≈≈≈≈≈~~~
.~~~~#
#.#.#.....~~~≈≈≈≈≈≈≈≈≈~~
.~~~♣#
#.#.#.....~~≈≈≈≈≈≈≈≈≈≈~~
.~~~P#
#.........~~≈≈≈≈≈≈≈≈≈~~.
.~P~♣#
#..........~~≈≈≈≈≈≈≈≈~~.
.~~♣#
#...........~~≈≈≈≈≈≈≈≈##
.~~♣
#...~..J###..~≈≈≈≈≈≈≈##.
.~~♣# #..~~♣.@#
~~~≈≈≈≈≈≈#.. .~≈~♣
#~PP♣~~♣....~~≈≈≈≈≈≈≈ #..
.≈≈P♣
♣♣~P~~~PP#..~~≈≈≈≈≈≈ #..
.~~~♣ ♣P~~~~~~#.~~≈≈≈≈≈
##. .~~~♣♣
♣~≈~~~~P...~~≈≈ ##
.P~~~♣♣♣~≈≈≈≈P~~♣#...~~≈
.PP~P~≈P~≈≈≈≈≈~~~ .#..~~
.~~~~~≈~~~~~~~~~ ...~
).......


You could see an endoplasm.

Vanquished Creatures
  A bat (D:1)
  An endoplasm (D:1)
  A goblin (D:1)
3 creatures vanquished.

Notes
Turn   | Place    | Note
-------+----------+-------------------------------------------
     0 | D:1      | RustandSilver the Felid Berserker began the quest for the
                  | Orb.
     0 | D:1      | Reached XP level 1. HP: 12/12 MP: 2/2
    56 | D:1      | Slain by an endoplasm
    56 | D:1      | Lost a life (0 lives remaining)
   957 | D:1      | Frozen to death by an endoplasm

Illustrated notes

Levels and vault maps discovered:
D:1:      minmay_arrival_shoal_huts, layout_rooms, minivault_5,
          serial_bayou_lagoon_b

Action                     || total
---------------------------++-------
  Melee: Unarmed           ||    15
         Bite              ||     1
 Armour: Skin              ||     9
  Dodge: Dodged            ||    17
